 Dungeon Crawl Stone Soup version 0.23.2-1-ga50397a (webtiles) character file.

Game seed: 2149191442399599024

101334 sanboga the Severer (level 16, -24/108 HPs)
             Began as a Gargoyle Berserker on May 6, 2019.
             Was the Champion of Trog.
             Killed from afar by Roxanne (25 damage)
             ... with an iron shot
             ... on level 1 of the Swamp.
             The game lasted 00:40:00 (25478 turns).

sanboga the Severer (Gargoyle Berserker)           Turns: 25478, Time: 00:40:00

Health: -24/108    AC: 41    Str: 43      XL:     16   Next: 30%
Magic:  16/16      EV: 11    Int:  8 (9)  God:    Trog [******]
Gold:   2678       SH:  4    Dex:  9      Spells: 15/15 levels left

rFire    + + .     SeeInvis .   p - +7 executioner's axe "Riujute" {chop, Str+4}
rCold    + + +     Gourm    +   (shield currently unavailable)
rNeg     + . .     Faith    .   y - +4 plate armour {rC+}
rPois    ∞         Spirit   .   J - +2 helmet "Plog" {rC+ Str+7}
rElec    +         Reflect  .   H - scarf {rC+ rF+}
rCorr    .         Harm     .   i - +1 pair of gloves
MR       +++..                  F - +0 pair of boots
Stlth    ..........             s - amulet of the gourmand
HPRegen  0.28/turn              m - ring of protection from magic
MPRegen  0.15/turn              n - +5 ring of strength

@: flying
A: big wings, large bone plates 1, deterioration 1, fire resistance 1, magic
resistance 1, negative energy resistance 1, electricity resistance, unbreathing,
petrification resistance, rot immunity, MP-powered wands, AC +12
a: Stop Flying, Berserk, Trog's Hand, Brothers in Arms, Renounce Religion


You were on level 1 of the Swamp.
You worshipped Trog.
Trog was exalted by your worship.
You were completely stuffed.

You visited 4 branches of the dungeon, and saw 24 of its levels.
You also visited: Ossuary and Ice Cave.

You collected 2760 gold pieces.
You spent 82 gold pieces at shops.

Inventory:

Hand Weapons
 p - the +7 executioner's axe "Riujute" (weapon) {chop, Str+4}
   (Trog gifted it to you on level 2 of the Lair of Beasts)

   It inflicts extra damage upon your enemies.
   It affects your strength (+4).
 u - a +3 antimagic executioner's axe
Armour
 i - a +1 pair of gloves (worn)
 y - a +4 plate armour of cold resistance (worn)
 F - a +0 pair of boots (worn)
 H - a scarf of resistance (worn)
 J - the +2 helmet "Plog" (worn) {rC+ Str+7}
   (You found it on level 5 of the Lair of Beasts)

   It affects your strength (+7).
   It protects you from cold.
Jewellery
 m - a ring of protection from magic (left hand)
 n - a +5 ring of strength (right hand)
 s - an amulet of the gourmand (around neck)
 w - an uncursed ring of protection from fire
 K - an uncursed ring of stealth {unknown}
Wands
 t - a wand of scattershot (5)
 x - a wand of polymorph (33)
 z - a wand of paralysis (30)
 A - a wand of iceblast (18)
 D - a wand of flame (15)
 G - a wand of digging (17)
 I - a wand of disintegration (15)
Scrolls
 a - 5 scrolls of enchant weapon
 d - 2 scrolls of magic mapping
 e - 4 scrolls of identify
 g - 7 scrolls of remove curse
 j - 10 scrolls of teleportation
 k - 4 scrolls of fog
 o - 8 scrolls of enchant armour
 r - a scroll of summoning
 B - 2 scrolls of blinking
Potions
 b - 4 potions of ambrosia
 f - 7 potions of haste
 h - 8 potions of might
 l - 5 potions of mutation
 q - 8 potions of curing
 v - 2 potions of cancellation
 E - a potion of resistance
Comestibles
 c - 30 rations
 C - 11 chunks of flesh


   Skills:
 + Level 15.5 Fighting
 * Level 17.4 Axes
 + Level 15.3 Armour
 - Level 4.1 Dodging


You had 15 spell levels left.
You didn't know any spells.
Your spell library was empty.

Dungeon Overview and Level Annotations

Branches:
Dungeon (15/15)            Temple (0/1) D:7            Lair (6/6) D:11
  Swamp (1/4) Lair:4        Snake (0/4) Lair:4        Slime (0/5) Lair:5
    Orc (2/2) D:9             Elf (0/3) Orc:2        Vaults (0/5) D:13
 Depths (0/5) D:15

Altars:
Cheibriados
Dithmenos
Fedhas
Hepliaklqana
Kikubaaqudgha
Makhleb
Nemelex Xobeh
Sif Muna
Uskayaw
Vehumet
Wu Jian
Xom
The Shining One
Beogh
Jiyva

Shops:
D:10 :   D:14 *   Orc:1 (}%   Orc:2 =?:[=(:

Annotations:
Swamp:1 exclusion: Roxanne, Roxanne


Innate Abilities, Weirdness & Mutations

You are resistant to torment.
Your stone body is resilient. (AC +12)
You are immune to poison.
Your large and strong wings let you fly indefinitely.
You resist negative energy. (rN+)
You are resistant to electric shocks. (rElec)
You can survive without breathing.
You are immune to petrification.
You are immune to rotting.
You are partially covered in large bone plates. (SH +4)
Your body sometimes deteriorates upon taking damage.
Your flesh is heat resistant. (rF+)
You are resistant to hostile enchantments. (MR+)
You expend magic power (3 MP) to strengthen your wands.


Message History

You are too injured to fight recklessly!
You hit Roxanne but do no damage.
Roxanne is almost destroyed.
You miss the vampire mosquito. You barely miss the vampire mosquito.
You block the vampire mosquito's attack.
The vampire mosquito barely misses you.
The vampire mosquito closely misses you. x2
You hit Roxanne but do no damage.
Roxanne is almost destroyed.
You closely miss the vampire mosquito. You slice the vampire mosquito!!
You destroy the vampire mosquito!
Trog accepts your kill.
The vampire mosquito bites you but does no damage.
The vampire mosquito bites you.
* * * LOW HITPOINT WARNING * * *
The vampire mosquito bites you.
* * * LOW HITPOINT WARNING * * *
Roxanne mumbles some strange words.
The iron shot hits you!!
You die...

♣♣♣♣♣ ♣♣≈♣≈♣♣ ♣♣.....♣
♣♣♣♣♣♣♣♣♣♣♣ ♣♣.≈....♣♣
≈≈....♣♣≈.♣♣♣♣≈(.....≈♣
≈≈≈≈≈.♣.≈≈...♣≈..8...≈♣
≈≈≈≈≈≈≈♣.≈≈...≈≈@y.≈..♣
...≈♣♣♣♣.....≈≈≈≈y≈..♣♣
....♣♣ ♣≈....$≈≈≈♣♣...♣
.≈...♣
♣♣♣≈..[..♣♣♣♣...♣
.≈...♣ ♣♣.≈≈..♣ ..♣♣
.....♣♣ ♣♣≈≈≈≈♣ ≈♣≈.
.≈≈≈≈.♣ ♣≈...♣ ♣♣≈≈
..≈≈..♣ ♣♣♣≈§≈.♣♣
♣♣♣.≈. ≈.♣♣♣♣♣
♣♣...≈≈.≈♣♣♣♣≈♣♣♣♣


You could see Roxanne and 2 vampire mosquitoes.

Vanquished Creatures
  Kirke (Lair:6)
  2 frost giants
  Louise (Swamp:1)
  3 orc warlords
  The ghost of LettuceGuy the Severer, a journeyman DsFi of Gozag (D:14)
  A minotaur (Lair:2)
  A fire dragon (Lair:5)
  Josephine (D:12)
  3 hydras
  A two-headed ogre (D:14)
  3 dancing weapons
  2 alligators (Swamp:1)
  4 centaur warriors
  An orc high priest (Orc:2)
  5 tengu warriors
  3 death yaks (Lair:6)
  Urug (Lair:6)
  Nergalle (Lair:3)
  4 unseen horrors
  A wolf spider zombie (D:15)
  Pikel (D:5)
  4 orc knights
  10 ugly things
  An oklob plant (Lair:6)
  2 cyclopes
  2 manticores
  3 orc sorcerers
  2 ice statues
  4 black mambas
  A gargoyle (D:15)
  A kobold demonologist (D:11)
  24 spiny frogs
  A centaur skeleton (D:13)
  10 komodo dragons
  A rime drake (shapeshifter) (D:15)
  5 rime drakes
  4 yaktaurs (D:15)
  7 ice devils (D:11)
  3 meliai (D:15)
  17 polar bears
  3 hornets
  9 trolls
  3 bog bodies
  4 tyrant leeches
  Prince Ribbit (D:8)
  7 dream sheep (Lair:6)
  10 blink frogs (Lair:6)
  7 hippogriffs
  A water elemental (D:11)
  A centaur simulacrum (D:14)
  2 shadows (D:15)
  A spriggan (Swamp:1)
  7 wyverns
  5 wraiths
  Sigmund (D:5)
  A spriggan (shapeshifter) (D:13)
  3 steam dragons
  A hungry ghost (D:9)
  45 yaks
  4 basilisks
  3 hogs (Lair:6)
  13 vampire mosquitoes
  3 wargs (Orc:1)
  Edmund (D:4)
  4 insubstantial wisps (Swamp:1)
  4 nagas (Lair:4)
  4 swamp worms
  Menkaure (D:5)
  The ghost of belegose the Ducker, an amateur SpAK of Lugonu (D:3)
  3 porcupines
  30 orc warriors
  14 water moccasins
  7 ice beasts
  3 black bears
  5 sky beasts
  4 slaves (D:5)
  3 swamp drakes (Swamp:1)
  4 phantoms
  13 ogres
  6 centaurs
  A necrophage (D:7)
  13 wolves
  2 big kobolds
  18 crocodiles
  A crocodile (shapeshifter) (D:14)
  A wyvern zombie (D:14)
  29 bullfrogs
  Blork the orc (D:4)
  3 scorpions
  14 killer bees
  16 wights
  9 electric eels
  4 howler monkeys
  4 crimson imps
  4 centaur zombies
  A bullfrog zombie (D:9)
  A quasit (D:14)
  5 bullfrog skeletons
  8 hounds
  3 jellies
  25 orc priests
  3 iguanas
  31 orc wizards
  Natasha (thrice) (D:4)
  4 hell rats (Lair:6)
  Ijyb (D:4)
  10 worker ants
  4 hound skeletons
  11 mummies (Ossuary)
  A worker ant zombie (D:7)
  6 gnolls
  12 adders
  2 shadow imps
  5 ufetubi (D:11)
  An ooze (D:6)
  An adder zombie (D:7)
  An adder skeleton (D:9)
  A worm (D:9)
  2 dart slugs
  5 leopard geckos
  118 orcs
  5 bats
  3 giant cockroaches
  5 goblins
  8 hobgoblins
  4 jackals (D:3)
  18 kobolds
  5 quokkas
  3 ball pythons
  6 frilled lizards
  A giant cockroach zombie (D:3)
  A gnoll skeleton (Ossuary)
  4 goblin skeletons (Ossuary)
  A kobold skeleton (Ossuary)
  A leopard gecko skeleton (D:5)
  2 orc skeletons (Ossuary)
  A quokka zombie (D:9)
  5 rats
  11 rat skeletons (Ossuary)
  4 fungi
  12 plants
870 creatures vanquished.

Vanquished Creatures (collateral kills)
  The ghost of ryzol2 the Carver, a journeyman VSSk of Nemelex Xobeh (Lair:2)
  A water moccasin (Lair:5)
2 creatures vanquished.

Vanquished Creatures (others)
  A spriggan (Swamp:1)
  21 fungi
  28 plants
50 creatures vanquished.

Grand Total: 922 creatures vanquished

Notes
Turn   | Place    | Note
-------+----------+-------------------------------------------
     0 | D:1      | sanboga the Gargoyle Berserker began the quest for the Orb.
     0 | D:1      | Reached XP level 1. HP: 14/14 MP: 1/1
   459 | D:1      | Reached XP level 2. HP: 19/19 MP: 2/2
   709 | D:1      | Reached skill level 3 in Axes
   746 | D:1      | Reached XP level 3. HP: 20/23 MP: 3/3
  1160 | D:1      | Gained mutation: You have a pair of small horns on your
                  | head. [potion of mutation]
  1160 | D:1      | Gained mutation: You are clumsy. (Dex -2) [potion of
                  | mutation]
  1160 | D:1      | Gained mutation: You are robust. (+10% HP) [potion of
                  | mutation]
  1227 | D:2      | Found a hide-covered altar of Uskayaw.
  1622 | D:2      | Found a radiant altar of Vehumet.
  1698 | D:2      | Reached ** piety under Trog
  1966 | D:3      | Reached XP level 4. HP: 26/31 MP: 4/4
  1985 | D:3      | Found a hazy altar of Hepliaklqana.
  2132 | D:3      | Found a runed translucent gate.
  2132 | D:3      | Found a runed translucent gate.
  2132 | D:3      | Found a runed translucent gate.
  2132 | D:3      | Noticed belegose's ghost (amateur SpAK)
  2160 | D:3      | Killed belegose's ghost
  2160 | D:3      | Reached XP level 5. HP: 37/37 MP: 5/5
  2375 | D:3      | Reached XP level 6. HP: 42/42 MP: 6/6
  2745 | D:4      | Noticed Natasha
  2756 | D:4      | Killed Natasha
  2763 | D:4      | Noticed Ijyb
  2778 | D:4      | Killed Ijyb
  2794 | D:4      | Noticed Natasha
  2802 | D:4      | Killed Natasha
  2802 | D:4      | Reached skill level 4 in Axes
  2803 | D:4      | Reached *** piety under Trog
  2858 | D:4      | Noticed Natasha
  2874 | D:4      | Killed Natasha
  2890 | D:4      | Reached skill level 5 in Fighting
  2890 | D:4      | Reached XP level 7. HP: 16/48 MP: 7/7
  3184 | D:4      | Noticed Blork the orc
  3194 | D:4      | Killed Blork the orc
  3240 | D:4      | Noticed Edmund
  3242 | D:4      | Found a sparkling altar of Nemelex Xobeh.
  3251 | D:4      | Killed Edmund
  3317 | D:4      | Found a burning altar of Makhleb.
  3572 | D:4      | Reached skill level 5 in Armour
  3657 | D:5      | Entered Level 5 of the Dungeon
  3726 | D:5      | Reached XP level 8. HP: 48/56 MP: 8/8
  3741 | D:5      | Noticed Sigmund
  3748 | D:5      | Killed Sigmund
  3748 | D:5      | Reached skill level 5 in Axes
  3887 | D:5      | Noticed Pikel
  3912 | D:5      | Killed Pikel
  3912 | D:5      | Reached skill level 6 in Axes
  4130 | D:5      | Noticed Menkaure
  4139 | D:5      | Killed Menkaure
  4367 | D:6      | Reached XP level 9. HP: 35/61 MP: 9/9
  4778 | D:6      | Found a glowing golden altar of the Shining One.
  4808 | D:6      | Reached skill level 7 in Axes
  4817 | D:6      | Reached **** piety under Trog
  5049 | D:6      | Found an ornate altar of the Wu Jian Council.
  5497 | D:7      | Reached skill level 8 in Axes
  5521 | D:7      | Found a sand-covered staircase.
  5528 | Ossuary  | Entered an ossuary
  5921 | Ossuary  | Reached ***** piety under Trog
  6138 | D:7      | Reached XP level 10. HP: 70/70 MP: 10/10
  6195 | D:7      | Found a staircase to the Ecumenical Temple.
  6630 | D:7      | Found an ancient bone altar of Kikubaaqudgha.
  6822 | D:8      | Found a shadowy altar of Dithmenos.
  6868 | D:8      | Reached skill level 9 in Axes
  7189 | D:8      | Noticed Prince Ribbit
  7217 | D:8      | Killed Prince Ribbit
  7547 | D:8      | Noticed a purple ugly thing
  7557 | D:8      | Killed a purple ugly thing
  8049 | D:9      | Found a staircase to the Orcish Mines.
  8073 | D:9      | Killed an unseen horror
  8073 | D:9      | Reached skill level 10 in Axes
  8141 | D:9      | Reached XP level 11. HP: 67/78 MP: 11/11
  8248 | D:9      | Received a gift from Trog
  8388 | D:9      | Found a snail-covered altar of Cheibriados.
  8499 | D:9      | Found a deep blue altar of Sif Muna.
  8568 | D:9      | Noticed a green ugly thing
  8574 | D:9      | Killed a green ugly thing
  8579 | D:9      | Reached skill level 10 in Fighting
  8860 | D:9      | Paralysed by fainting for 12 turns
  8893 | D:9      | Found a blossoming altar of Fedhas.
  9002 | D:10     | Entered Level 10 of the Dungeon
  9417 | D:10     | Found Ydwi's Book Emporium.
  9917 | D:11     | Found a staircase to the Lair.
  9924 | D:11     | Reached skill level 11 in Axes
  9936 | D:11     | Reached skill level 10 in Armour
 10221 | D:11     | Noticed a cyan ugly thing
 10239 | D:11     | Killed a cyan ugly thing
 10475 | D:11     | HP: 1/80 [ice devil (15)]
 10844 | D:11     | Reached XP level 12. HP: 86/86 MP: 12/12
 11370 | Lair:1   | Entered Level 1 of the Lair of Beasts
 11393 | Lair:1   | Reached skill level 12 in Axes
 11663 | Lair:1   | Received a gift from Trog
 12342 | Lair:2   | Found a runed translucent gate.
 12342 | Lair:2   | Found a runed translucent gate.
 12342 | Lair:2   | Found a runed translucent gate.
 12346 | Lair:2   | Noticed a minotaur
 12347 | Lair:2   | Noticed ryzol2's ghost (journeyman VSSk)
 12423 | Lair:2   | Killed a minotaur
 12439 | Lair:2   | Killed ryzol2's ghost
 12753 | Lair:2   | You fall through a shaft for 2 floors!
 12806 | Lair:4   | Found a frozen archway.
 12816 | IceCv    | Entered an ice cave
 12828 | IceCv    | Reached skill level 13 in Axes
 13307 | IceCv    | Reached XP level 13. HP: 84/94 MP: 13/13
 13704 | IceCv    | Noticed a frost giant
 13724 | IceCv    | HP: 4/94 [frost giant/+1 battleaxe of freezing (18)]
 13743 | IceCv    | Killed a frost giant
 14574 | Lair:4   | Reached ****** piety under Trog
 14764 | Lair:3   | Reached skill level 14 in Axes
 14854 | Lair:3   | Noticed Nergalle
 14866 | Lair:3   | Killed Nergalle
 15360 | Lair:2   | Received a gift from Trog
 15363 | Lair:2   | Got a faintly glowing executioner's axe {god gift}
 15364 | Lair:2   | Identified the +7 executioner's axe "Riujute" {chop, Str+4}
                  | (Trog gifted it to you on level 2 of the Lair of Beasts)
 16175 | Lair:4   | Found a staircase to the Snake Pit.
 16573 | Lair:4   | Found a staircase to the Swamp.
 16893 | Lair:5   | Found a staircase to the Slime Pits.
 16893 | Lair:5   | Found a viscous altar of Jiyva.
 17071 | Lair:5   | Noticed a fire dragon
 17093 | Lair:5   | Killed a fire dragon
 17241 | Lair:5   | Got a crude helmet
 17242 | Lair:5   | Lost mutation: You are robust. (+10% HP) [potion of
                  | mutation]
 17242 | Lair:5   | Lost mutation: You have a pair of small horns on your head.
                  | [potion of mutation]
 17242 | Lair:5   | Lost mutation: You are clumsy. (Dex -2) [potion of
                  | mutation]
 17242 | Lair:5   | Gained mutation: You are partially covered in icy blue
                  | scales. (AC +2) [potion of mutation]
 17242 | Lair:5   | Gained mutation: Scrolls take you a little longer to read.
                  | [potion of mutation]
 17242 | Lair:5   | Gained mutation: You are partially covered in large bone
                  | plates. (SH +4) [potion of mutation]
 17242 | Lair:5   | Gained mutation: You have a pair of small horns on your
                  | head. [potion of mutation]
 17243 | Lair:5   | Lost mutation: Scrolls take you a little longer to read.
                  | [potion of mutation]
 17243 | Lair:5   | Lost mutation: You have a pair of small horns on your head.
                  | [potion of mutation]
 17243 | Lair:5   | Lost mutation: You are partially covered in icy blue
                  | scales. (AC +2) [potion of mutation]
 17243 | Lair:5   | Gained mutation: You are weak. (Str -2) [potion of
                  | mutation]
 17243 | Lair:5   | Gained mutation: Your body sometimes deteriorates upon
                  | taking damage. [potion of mutation]
 17243 | Lair:5   | Gained mutation: You are agile. (Dex +2) [potion of
                  | mutation]
 17244 | Lair:5   | Lost mutation: You are weak. (Str -2) [potion of mutation]
 17244 | Lair:5   | Lost mutation: You are agile. (Dex +2) [potion of mutation]
 17244 | Lair:5   | Gained mutation: You expend magic power (3 MP) to
                  | strengthen your wands. [potion of mutation]
 17244 | Lair:5   | Gained mutation: You are resistant to hostile enchantments.
                  | (MR+) [potion of mutation]
 17244 | Lair:5   | Gained mutation: Your flesh is heat resistant. (rF+)
                  | [potion of mutation]
 17255 | Lair:5   | Identified the +2 helmet "Plog" {rC+ Str+7} (You found it
                  | on level 5 of the Lair of Beasts)
 17473 | Lair:6   | Entered Level 6 of the Lair of Beasts
 17473 | Lair:6   | Noticed Urug
 17484 | Lair:6   | Killed Urug
 17492 | Lair:6   | Gained mutation: Your large and strong wings let you fly
                  | indefinitely. [Gargoyle growth]
 17492 | Lair:6   | Reached XP level 14. HP: 89/94 MP: 12/14
 17820 | Lair:6   | Reached skill level 15 in Axes
 18174 | Lair:6   | Received a gift from Trog
 18280 | Lair:6   | Noticed Kirke
 18294 | Lair:6   | Killed Kirke
 19434 | Orc:1    | Entered Level 1 of the Orcish Mines
 19441 | Orc:1    | Noticed an orc warlord
 19454 | D:9      | Killed an orc warlord
 20023 | Orc:1    | Found Kacadeze's Food Boutique.
 20041 | Orc:1    | Found Ywkeu's Gadget Boutique.
 20083 | Orc:1    | Found Bewekk's Antique Weapon Boutique.
 20107 | Orc:1    | Noticed an orc warlord
 20111 | Orc:1    | Received a gift from Trog
 20124 | Orc:1    | Killed an orc warlord
 20124 | Orc:1    | Reached XP level 15. HP: 78/100 MP: 8/15
 20588 | Orc:2    | Entered Level 2 of the Orcish Mines
 20591 | Orc:2    | Found a staircase to the Elven Halls.
 20745 | Orc:2    | Reached skill level 16 in Axes
 20757 | Orc:2    | Found Memit's Jewellery Boutique.
 20887 | Orc:2    | Noticed an orc warlord
 21057 | Orc:2    | Found Gaonn's Magic Scroll Shoppe.
 21070 | Orc:2    | Bought a scroll of enchant weapon for 82 gold pieces
 21142 | Orc:2    | Found a roughly hewn altar of Beogh.
 21156 | Orc:2    | Found Dyogasel's Book Boutique.
 21188 | Orc:2    | Received a gift from Trog
 21309 | Orc:2    | Found a roughly hewn altar of Beogh.
 21404 | Orc:2    | Found Emuaveit's Book Boutique.
 21459 | Orc:2    | Found Zimolut's Antique Weapon Boutique.
 21507 | Orc:2    | Found a roughly hewn altar of Beogh.
 21510 | Orc:2    | Found Ipsaext's Antique Armour Shop.
 21573 | Orc:2    | Killed an orc warlord
 21600 | Orc:2    | Found a roughly hewn altar of Beogh.
 21613 | Orc:2    | Found Ynudd's Jewellery Shoppe.
 21672 | Orc:2    | Found a roughly hewn altar of Beogh.
 22125 | D:12     | Received a gift from Trog
 22251 | D:12     | Noticed Josephine
 22258 | D:12     | Killed Josephine
 23028 | D:13     | Found a gate to the Vaults.
 23311 | D:14     | Found a runed translucent door.
 23311 | D:14     | Found a shimmering altar of Xom.
 23311 | D:14     | Identified the +3 scimitar "Moluym" {chaos, *Drain Int+4}
 23311 | D:14     | Noticed LettuceGuy's ghost (journeyman DsFi)
 23345 | D:14     | Killed LettuceGuy's ghost
 23495 | D:14     | Reached skill level 15 in Fighting
 23593 | D:14     | Found a roughly hewn altar of Beogh.
 23655 | D:14     | Found Keyqa's Mayhem Merchandise.
 23795 | D:14     | Reached skill level 17 in Axes
 23812 | D:14     | Received a gift from Trog
 23928 | D:15     | Entered Level 15 of the Dungeon
 24137 | D:15     | Reached skill level 15 in Armour
 24137 | D:15     | Reached XP level 16. HP: 97/108 MP: 16/16
 24625 | D:15     | Found a staircase to the Depths.
 25174 | Swamp:1  | Entered Level 1 of the Swamp
 25293 | Swamp:1  | Noticed Louise
 25309 | Swamp:1  | Killed Louise
 25454 | Swamp:1  | Noticed Roxanne
 25478 | Swamp:1  | HP: 2/108 [vampire mosquito (5)]
 25478 | Swamp:1  | Killed from afar by Roxanne

Skill      XL: |  1  2  3  4  5  6  7  8  9 10 11 12 13 14 15 |
---------------+----------------------------------------------+-----
Axes           | 3 4 6 8 10 11 13 14 15 17 | 17.4
Dodging        | 2 3 4 |  4.1
Armour         | 3 4 5 6 7 9 10 11 12 14 15 | 15.3
Fighting       | 4 5 6 8 9 10 12 13 14 15 | 15.5

Action                   |  1- 3 |  4- 6 |  7- 9 | 10-12 | 13-15 | 16-18 || total
-------------------------+-------+-------+-------+-------+-------+-------++-------
Melee: Hand axe          |   107 |   112 |   426 |   515 |       |       ||  1160
       Headbutt          |     5 |    10 |    71 |   121 |    68 |       ||   275
       Broad axe         |       |       |       |   144 |   623 |       ||   767
       Executioner's axe |       |       |       |       |   503 |    90 ||   593
Invok: Berserk           |       |     2 |     7 |     7 |    11 |       ||    27
       Brothers in Arms  |       |       |       |     1 |       |       ||     1
 Abil: Fly               |       |       |       |       |     1 |       ||     1
Evoke: Wand              |       |       |     1 |    33 |       |       ||    34
  Use: Scroll            |    10 |     4 |     7 |    10 |     8 |     1 ||    40
       Potion            |     3 |       |     2 |     4 |    11 |       ||    20
 Stab: Invisible         |       |       |       |     1 |       |       ||     1
  Eat: Chunk             |     3 |     5 |    12 |    13 |    57 |     4 ||    94
       Ration            |       |       |     2 |     5 |     3 |       ||    10
Armor: Animal skin       |    30 |    50 |    71 |       |       |       ||   151
       Plate armour      |       |       |   127 |   529 |   998 |    73 ||  1727
Dodge: Dodged            |    73 |    85 |   198 |   286 |   554 |    62 ||  1258
Block: Other             |       |       |       |       |   164 |    21 ||   185
